 Dungeon Crawl Stone Soup version 0.27-a0-1188-g73eefd5def (webtiles) character file.

Game seed: 13053423867713096421

0 spiderkeys the Skirmisher (level 1, -15/16 HPs)
             Began as an Octopode Abyssal Knight on May 21, 2021.
             Was a Follower of Lugonu.
             Demolished by a large abomination (19 damage)
             ... on level 1 of the Abyss.
             The game lasted 00:01:45 (195 turns).

spiderkeys the Skirmisher (Octopode Abyssal Knight)  Turns: 195, Time: 00:01:46

Health: -15/16     AC:  1    Str: 11    XL:     1   Next: 0%
Magic:  2/2        EV: 13    Int: 14    God:    Lugonu [*.....]
Gold:   6          SH:  0    Dex: 11    Spells: 0/0 levels left

rFire    . . .     SeeInvis .   a - +1 spear
rCold    . . .     Faith    .   (no shield)
rNeg     . . .     Spirit   .   (helmet restricted)
rPois    .         Reflect  .   (no amulet)
rElec    .         Harm     .   (no ring)
rCorr    .         Rampage  .   (no ring)
Will     +....                  (no ring)
Stlth    ++........             (no ring)
HPRegen  0.05/turn              (no ring)
MPRegen  0.08/turn              (no ring)
                                (no ring)
                                (no ring)

@: no status effects
A: almost no armour, amphibious, 8 rings, camouflage 1, gelatinous body 1,
(nimble swimmer 1), tentacles, antennae 1, strong-willed 1, MP-powered wands
a: Renounce Religion, Depart the Abyss


You were on level 1 of the Abyss.
You worshipped Lugonu.
Lugonu was aware of your devotion.
You visited 0 branches of the dungeon, and saw 0 of its levels.
You visited the Abyss 1 time.

You collected 6 gold pieces.


Innate Abilities, Weirdness & Mutations

You cannot wear most types of armour.
You are amphibious.
You can wear up to eight rings at the same time.
Your skin changes colour to match your surroundings (Stealth+).
Your rubbery body absorbs attacks. (AC +1, EV +1)
((You are camouflaged near water. (Stealth+)))
You have tentacles for arms and can constrict up to eight enemies at once.
You have a pair of small antennae on your head.
You are strong-willed. (Will+)
You expend magic power (3 MP) to strengthen your wands.


   Skills:
 + Level 3.0 Fighting
 + Level 2.0 Polearms
 + Level 2.3 Dodging
 + Level 2.0 Invocations


You couldn't memorise any spells.
You didn't know any spells.
Your spell library was empty.

Inventory:

Hand Weapons
 a - a +1 spear (weapon)
Potions
 c - a potion of lignification {unknown}

Dungeon Overview and Level Annotations

Branches:
Dungeon (0/15)

Altars:

........ .. #. ......
... .... ..... ..# .
#..###...###..#. . #..
#..#.....#....# # ## #
#....∩.......# .
#...###............#
.#.....#.....X@......#
...........#.ww..#...#
. #... #..###││.## .# .
#.. ##..#//...#. # ##.#
#..//........
.###...###.│/.........
#.....#..X...........
....... ....#.....#...#
#...###...............#


You could see a tentacled starspawn, a large abomination and 2 starspawn
tentacles.


Message History

🤖 Initializing magus.rc ...
Options error: Delay interrupt name "hungry" not recognised. (~/.crawlrc:4988) ✅ Successfully initialized magus.rc [v1.9.10] Welcome, spiderkeys the Octopode Abyssal Knight.
The bosom of this dungeon contains the transcendent artefact, the Orb of Zot.
Lugonu says: Depart the Abyss and spread corruption, my servant! (use the ability menu to exit the Abyss) Press ? for a list of commands and other information.
Found a corrupted altar of Lugonu.
There is a corrupted altar of Lugonu here.
You now have 1 gold piece.
You are suddenly pulled into a different region of the Abyss!
Found a corrupted altar of Lugonu.
A neqoxec comes into view.
The neqoxec shouts!
A chaos spawn comes into view.
The neqoxec gestures at you.
Strange energies course through your body.
You feel weaker.
You are suddenly pulled into a different region of the Abyss!
b - a smoky red potion
c - a fuming orange potion
d - a scroll labelled RUSASERA SARA
As you read the scroll labelled RUSASERA SARA, it crumbles to dust.
It is a scroll of identify.
b - a potion of mutation Really quaff
b - a potion of mutation {!q}?
Really quaff the potion of mutation?
You feel extremely strange.
You feel stronger. A pair of antennae grows on your head!
You feel strong-willed.
You feel your magical essence link to the dungeon's wands.
Okay, then.
A tentacled starspawn comes into view.
A starspawn tentacle comes into view.
A tentacle flies out from the starspawn's body!
A starspawn tentacle comes into view.
The starspawn tentacle closely misses you.
A starspawn tentacle comes into view.
You now have 6 gold pieces (gained 5).
A tentacle flies out from the starspawn's body!
A starspawn tentacle comes into view.
A large abomination comes into view.
Found a gateway leading out of the Abyss.
Tentacles burst from the starspawn's body! 2 starspawn tentacles come into view.
The starspawn tentacle grabs you.
The starspawn tentacle constricts you. 😕 HP[-3]
You take 3 damage, and now have 13/16 hp.
You escape the starspawn tentacle's grasp.
The starspawn tentacle grabs you.
The starspawn tentacle constricts you. 😮 HP[-3]
You take 3 damage, and now have 10/16 hp.
You escape the starspawn tentacle's grasp.
The starspawn tentacle grabs you.
* * * LOW HITPOINT WARNING * * *
The starspawn tentacle constricts you. 😨 HP[-3]
You take 3 damage, and now have 7/16 hp.
The starspawn tentacle's grasp on you weakens, but your attempt to escape fails.
* * * LOW HITPOINT WARNING * * *
The starspawn tentacle constricts you.
The starspawn tentacle loses its grip on you.
The tentacle pulls you backwards! The large abomination hits you!!
Ouch! That really hurt!
You die...

Action                   || total
-------------------------++-------
  Use: Scroll            ||     1
       Potion            ||     1
Dodge: Dodged            ||     1

Levels and vault maps discovered:
Abyss:1:  base: Temple, base:
Temple

Notes
Turn   | Place    | Note
-------+----------+-------------------------------------------
     0 | Abyss:1  | spiderkeys the Octopode Abyssal Knight began the quest for
                  | the Orb.
     0 | Abyss:1  | Reached XP level 1. HP: 16/16 MP: 2/2
     0 | Abyss:1  | magus.rc [v1.9.10]
    56 | Abyss:1  | Found a corrupted altar of Lugonu.
   104 | Abyss:1  | Noticed a neqoxec
   105 | Abyss:1  | Noticed a chaos spawn
   108 | Abyss:1  | Gained mutation: You are weak. (Str -2) [a neqoxec]
   144 | Abyss:1  | Lost mutation: You are weak. (Str -2) [potion of mutation]
   144 | Abyss:1  | Gained mutation: You have a pair of small antennae on your
                  | head. [potion of mutation]
   144 | Abyss:1  | Gained mutation: You are strong-willed. (Will+) [potion of
                  | mutation]
   144 | Abyss:1  | Gained mutation: You expend magic power (3 MP) to
                  | strengthen your wands. [potion of mutation]
   160 | Abyss:1  | Noticed a tentacled starspawn
   188 | Abyss:1  | Noticed a large abomination
   195 | Abyss:1  | HP: 4/16 [starspawn tentacle[a tentacled starspawn] (3)]
   195 | Abyss:1  | Demolished by a large abomination

Vanquished Creatures (others)
  6 starspawn tentacles (Abyss:1)
6 creatures vanquished.

Table legend:
 A = Non-vault XP
 B = Vault XP
 C = Vault XP percentage of total XP
 D = Non-vault monster count
 E = Vault monster count
 F = Vault count percentage of total count
                 A         B        C        D         E       F
            +---------+---------+-------+---------+---------+-------
      Total |       0 |       0 |   N/A |       0 |       0 |  -nan
            +---------+---------+-------+---------+---------+-------
            +---------+---------+-------+---------+---------+-------

Illustrated notes

Table legend: (Time is in decaauts)
 A = Elapsed time spent in this place.
 B = Non-inter-level travel time spent in this place.
 C = Inter-level travel time spent in this place.
 D = Time resting spent in this place.
 E = Time spent auto-exploring this place.
 F = Levels seen in this place.
 G = Mean time per level.
                   A        B        C        D        E       F      G
               +--------+--------+--------+--------+--------+-----+--------+
         Total |    195 |    195 |      0 |      0 |     54 |   1 |  195.0 |
         Abyss |    195 |    195 |      0 |      0 |     54 |   1 |  195.0 |
               +--------+--------+--------+--------+--------+-----+--------+

Top non-repeatable levels by time:
 Abyss:1: 195 daAuts
